 Dungeon Crawl Stone Soup version 0.20.1-1-g8b1a95d (webtiles) character file.

9300 Ib0110 the Carver (level 11, -3/95 HPs)
             Began as a Minotaur Fighter on Nov 4, 2017.
             Was a Believer of Makhleb.
             Slain by a merfolk
             ... wielding a +0 glaive
              (12 damage)
             ... on level 1 of the Shoals.
             The game lasted 00:57:53 (9573 turns).

Ib0110 the Carver (Minotaur Fighter)                Turns: 9573, Time: 00:57:53

Health: -3/95      AC: 15    Str: 25    XL:     11   Next: 21%
Magic:  11/11      EV:  7    Int:  5    God:    Makhleb [**....]
Gold:   373        SH:  0    Dex:  9    Spells: 7/10 levels left

rFire    . . .     SeeInvis +   a - +1 long sword (slice)
rCold    + + +     Gourm    .   c - +0 shield
rNeg     . . .     Faith    .   m - +4 skin of Zhor {rC+++}
rPois    .         Spirit   .   (helmet restricted)
rElec    .         Reflect  .   (no cloak)
rCorr    .         Harm     .   e - +0 pair of gloves
MR       +....                  x - +0 pair of boots
Stlth    +.........             (no amulet)
Regen    0.3/turn               j - ring of see invisible
MPRegen  0.2/turn               n - ring of protection from magic

@: held, very slow
A: retaliatory headbutt, hooves 1, horns 2, iridescent scales 2, yellow scales 1
a: Minor Destruction, Renounce Religion


You were on level 1 of the Shoals.
You worshipped Makhleb.
Makhleb was pleased with you.
You were not hungry.

You visited 4 branches of the dungeon, and saw 14 of its levels.
You also visited: Bailey.

You collected 581 gold pieces.
You spent 208 gold pieces at shops.

Inventory:

Hand Weapons
 a - a +1 long sword of slicing (weapon)
 S - a +0 long sword
 Z - a +0 hand axe
Missiles
 L - 3 javelins (quivered)
Armour
 b - a +1 scale mail
 c - a +0 shield (worn)
 e - a +0 pair of gloves (worn)
 m - the +4 skin of Zhor (worn) {rC+++}
   (You acquired it on level 10 of the Dungeon)

   It renders you almost immune to cold.
 q - a +0 ring mail
 w - a +0 pair of gloves
 x - a +0 pair of boots (worn)
 z - a cursed +0 leather armour
 A - a +0 shield
 M - a +2 shield
Magical Staves
 O - an uncursed staff of wizardry {unknown}
Jewellery
 j - a ring of see invisible (left hand)
 n - a ring of protection from magic (right hand)
 G - an uncursed ring of flight {unknown}
Wands
 F - a wand of iceblast (8/15)
 J - a wand of clouds (5/9)
 K - a wand of random effects (31/48)
 P - a wand of enslavement (14/24)
 R - a wand of paralysis (16/24)
 V - a wand of lightning (5/15)
Scrolls
 g - 5 scrolls of teleportation
 p - 2 scrolls of recharging
 r - 2 scrolls of noise
 y - 2 scrolls of amnesia
 E - a scroll of fog
 I - 2 scrolls of blinking
 U - 2 scrolls of identify
 X - 2 scrolls of magic mapping
 Y - a scroll of remove curse
Potions
 d - a potion of might
 l - 5 potions of brilliance
 s - 4 potions of haste
 D - a potion of lignification
 N - a potion of agility
 Q - a potion of curing
Books
 i - a book of Air

   Spells                             Type                      Level
   a - Shock                          Conjuration/Air              1
   b - Swiftness                      Charms/Air                   2
   c - Static Discharge               Conjuration/Air              3
   d - Airstrike                      Air                          4
   e - Lightning Bolt                 Conjuration/Air              5
 v - a book of Conjurations

   Spells                             Type                      Level
   a - Magic Dart                     Conjuration                  1
   b - Searing Ray                    Conjuration                  2
   c - Dazzling Spray                 Conjuration/Hexes            3
   d - Fulminant Prism                Conjuration/Hexes            4
   e - Force Lance                    Conjuration/Translocation    4
   f - Iskenderun's Mystic Blast      Conjuration                  4
 B - a book of Changes

   Spells                             Type                      Level
   a - Beastly Appendage              Transmutation                1
   b - Sticks to Snakes               Transmutation                2
   c - Spider Form                    Transmutation/Poison         3
   d - Ice Form                       Ice/Transmutation            4
   e - Blade Hands                    Transmutation                5
Comestibles
 f - 9 bread rations
 h - 5 royal jellies
 u - 17 fruits


   Skills:
 + Level 8.3 Fighting
 + Level 12.2 Long Blades
 + Level 8.2 Armour
 + Level 6.5 Dodging
 + Level 1.2 Stealth
 + Level 11.3 Shields
 + Level 2.1 Invocations


You had 7 spell levels left.
You knew the following spells:

 Your Spells              Type           Power        Failure   Level  Hunger
a - Confuse               Hex            #.......     95%         3    ####...


Dungeon Overview and Level Annotations

Branches:
Dungeon (10/15)            Temple (1/1) D:5            Lair (2/6) D:10
 Shoals (1/4) Lair:2
  Snake: Lair:2-4    Spider: Lair:2-4       Orc: D:9-12

Altars:
Ashenzari
Cheibriados
Dithmenos
Elyvilon
Fedhas
Gozag
Hepliaklqana
Kikubaaqudgha
Makhleb
Nemelex Xobeh
Okawaru
Qazlal
Ru
Sif Muna
Trog
Uskayaw
Vehumet
Xom
Yredelemnul
Zin
The Shining One

Shops:
D:6 %   D:9 [

Annotations:
D:8 Maurice; Regeox's ghost, novice HOHu
Lair:2 richnich's ghost, journeyman MiFi


Innate Abilities, Weirdness & Mutations

You reflexively headbutt those who attack you in melee.
You have a pair of horns on your head.
You have large cloven feet.
You are mostly covered in iridescent scales. (AC +4)
You are partially covered in yellow scales. (AC +2)


Message History

The merfolk throws a tomahawk.
The tomahawk closely misses you.
The merfolk hits you from afar with a glaive!
The merfolk throws a throwing net.
The throwing net hits you.
You become entangled in the net!
You hear a splash.
The merfolk throws a tomahawk.
The tomahawk hits you!
* * * LOW HITPOINT WARNING * * *
You hear a splash.
The cyclops throws a large rock.
The large rock hits you but does no damage.
You hear a splash.
The merfolk throws a tomahawk.
The tomahawk barely misses you.
The merfolk throws a tomahawk.
The tomahawk hits you!
* * * LOW HITPOINT WARNING * * *
A merfolk comes into view. It is wielding a trident.
Things that are here:
a large rock; a tomahawk; a throwing net You tear a large gash into the net.
The merfolk hits you from afar with a glaive!
You die...

..# ≈≈≈ ..# ≈≈≈
..# . ≈...
..###.. C....
.......
≈≈≈m.###(.≈..≈≈
≈≈.Y....(≈≈...≈
≈≈Y.m..@≈≈≈.##≈
≈≈≈≈≈m≈≈≈≈≈≈..≈
≈m≈≈≈m≈≈≈≈≈≈.≈≈
≈≈≈≈≈≈###≈≈≈.≈≈
≈≈≈≈≈≈ ≈≈≈≈≈≈
≈≈≈≈mm ≈≈≈≈≈≈
≈≈≈≈≈ ≈≈≈≈≈
≈≈≈≈≈ ≈≈≈≈≈
≈≈≈≈ ≈≈≈≈


You could see a merfolk impaler, 6 merfolk, a cyclops and 2 dream sheep.

Vanquished Creatures
  5 spiny frogs
  A hornet (D:8)
  3 hippogriffs
  A hungry ghost (D:10)
  2 water moccasins
  4 porcupines
  3 orc warriors (Bailey)
  2 ice beasts
  A necrophage (D:6)
  6 wolves (Lair:1)
  7 ogres
  A phantom (D:9)
  4 centaurs
  A big kobold (D:7)
  6 bullfrogs
  A gnoll sergeant (D:9)
  4 scorpions
  3 killer bees (D:8)
  A vampire bat (D:9)
  7 howler monkeys
  A centaur zombie (D:7)
  4 jellies
  A quasit (D:9)
  3 orc wizards
  5 hounds
  5 orc priests
  3 centaur skeletons
  2 iguanas (D:9)
  8 worker ants
  A hound zombie (D:10)
  A hound skeleton (D:4)
  5 gnolls (D:9)
  9 adders
  A shadow imp (D:6)
  An ooze (D:1)
  3 adder skeletons
  2 adder zombies
  4 worms
  4 dart slugs
  5 leopard geckos
  29 orcs
  4 bats
  A bat skeleton (D:9)
  4 bat zombies (D:9)
  5 giant cockroaches
  12 goblins
  10 hobgoblins
  6 jackals
  7 quokkas
  2 ball pythons (D:2)
  4 frilled lizards
  8 kobolds
  2 quokka skeletons (D:4)
  5 rats
  A plant (D:1)
231 creatures vanquished.

Vanquished Creatures (collateral kills)
  A merfolk siren (Shoals:1)
  A black mamba (Lair:1)
  A spiny frog (Lair:2)
  A komodo dragon (D:10)
  A hippogriff (Lair:1)
  A wyvern (D:10)
  2 water moccasins
  A swamp drake (D:10)
  5 wolves (Lair:1)
  2 centaurs
  2 crocodiles
  A bullfrog (Lair:1)
  An orc priest (D:10)
  2 plants (Lair:2)
22 creatures vanquished.

Vanquished Creatures (others)
  5 dream sheep (Lair:1)
  A fungus (Lair:2)
  2 plants (Lair:2)
8 creatures vanquished.

Grand Total: 261 creatures vanquished

Notes
Turn   | Place    | Note
-------+----------+-------------------------------------------
     0 | D:1      | Ib0110 the Minotaur Fighter began the quest for the Orb.
     0 | D:1      | Reached XP level 1. HP: 19/19 MP: 0/0
   197 | D:1      | Reached XP level 2. HP: 27/27 MP: 1/1
   919 | D:2      | Reached XP level 3. HP: 33/33 MP: 2/2
  1075 | D:2      | Reached skill level 3 in Long Blades
  1361 | D:3      | Found a bloodstained altar of Trog.
  1578 | D:3      | Reached XP level 4. HP: 40/40 MP: 3/3
  1638 | D:3      | Found a blossoming altar of Fedhas.
  1650 | D:3      | Found a shimmering altar of Xom.
  1667 | D:3      | Found a burning altar of Makhleb.
  1676 | D:3      | Became a worshipper of Makhleb the Destroyer
  2010 | D:3      | Found a shimmering altar of Xom.
  2143 | D:4      | Reached skill level 4 in Long Blades
  2143 | D:4      | Reached skill level 1 in Dodging
  2143 | D:4      | Reached XP level 5. HP: 41/46 MP: 4/4
  2420 | D:4      | Reached skill level 5 in Long Blades
  2420 | D:4      | Reached skill level 5 in Shields
  2420 | D:4      | Reached XP level 6. HP: 14/53 MP: 5/5
  2800 | D:4      | Reached skill level 5 in Armour
  2830 | D:4      | Reached * piety under Makhleb
  3035 | D:5      | Entered Level 5 of the Dungeon
  3112 | D:5      | Found a sparkling altar of Nemelex Xobeh.
  3119 | D:5      | Noticed an ice beast
  3132 | D:5      | Killed an ice beast
  3132 | D:5      | Reached skill level 6 in Long Blades
  3132 | D:5      | Reached XP level 7. HP: 60/60 MP: 6/6
  3584 | D:5      | Found a staircase to the Ecumenical Temple.
  3589 | Temple   | Entered the Ecumenical Temple
  3944 | D:6      | Found a deep blue altar of Sif Muna.
  3944 | D:6      | Found a snail-covered altar of Cheibriados.
  3944 | D:6      | Found a sacrificial altar of Ru.
  3946 | D:6      | Noticed a hippogriff
  4005 | D:6      | Found a transporter.
  4018 | D:6      | Reached ** piety under Makhleb
  4018 | D:6      | Reached skill level 7 in Long Blades
  4043 | D:6      | Reached skill level 5 in Fighting
  4043 | D:6      | Reached XP level 8. HP: 42/68 MP: 7/7
  4118 | D:6      | Found a basalt altar of Yredelemnul.
  4265 | D:6      | Found Iffysopo's Food Shoppe.
  4281 | D:6      | Bought a meat ration for 65 gold pieces
  4281 | D:6      | Bought a bread ration for 65 gold pieces
  4281 | D:6      | Bought 4 fruits for 78 gold pieces
  4375 | D:6      | Found a transporter.
  4653 | D:7      | Reached skill level 8 in Long Blades
  4978 | D:7      | Learned a level 3 spell: Confuse
  5060 | D:7      | Gained mutation: You are partially covered in yellow scales. (AC +2) [potion of mutation]
  5060 | D:7      | Gained mutation: You are partially covered in iridescent scales. (AC +2) [potion of mutation]
  5060 | D:7      | Gained mutation: You have large cloven feet. [potion of mutation]
  5060 | D:7      | Gained mutation: You are mostly covered in iridescent scales. (AC +4) [potion of mutation]
  5131 | D:7      | Found a radiant altar of Vehumet.
  5367 | D:7      | Found a basalt altar of Yredelemnul.
  5469 | D:8      | Reached skill level 9 in Long Blades
  5506 | D:8      | Noticed Regeox's ghost (novice HOHu)
  5522 | D:8      | Reached XP level 9. HP: 75/75 MP: 8/8
  5813 | D:8      | Found an opulent altar of Gozag.
  5999 | D:8      | Noticed Maurice
  6388 | D:9      | Reached skill level 10 in Long Blades
  6563 | D:9      | Reached *** piety under Makhleb
  6620 | D:9      | Found an ancient bone altar of Kikubaaqudgha.
  6941 | D:9      | Found Igesk's Antique Armour Boutique.
  7034 | D:9      | Found a flagged portal.
  7050 | Bailey   | Entered a bailey
  7168 | Bailey   | Reached XP level 10. HP: 86/86 MP: 9/9
  7226 | Bailey   | Noticed an orc knight
  7386 | D:10     | Entered Level 10 of the Dungeon
  7485 | D:10     | Reached skill level 11 in Long Blades
  7716 | D:10     | Identified a scroll of acquirement
  7777 | D:10     | Found a staircase to the Lair.
  7808 | Lair:1   | Entered Level 1 of the Lair of Beasts
  7808 | Lair:1   | Noticed a spiny frog
  7818 | Lair:1   | Killed a spiny frog
  7844 | Lair:1   | Noticed a black mamba
  7848 | Lair:1   | Reached skill level 10 in Shields
  7859 | Lair:1   | Killed a black mamba
  8066 | Lair:1   | Noticed a spiny frog
  8084 | Lair:1   | Killed a spiny frog
  8084 | Lair:1   | Reached skill level 5 in Dodging
  8084 | Lair:1   | Reached skill level 1 in Invocations
  8409 | Lair:1   | Noticed a spiny frog
  8413 | Lair:1   | Reached skill level 1 in Stealth
  8416 | Lair:1   | Killed a spiny frog
  8692 | Lair:1   | Found a shimmering altar of Xom.
  8835 | Lair:2   | Noticed a spiny frog
  8840 | Lair:2   | Killed a spiny frog
  8840 | Lair:2   | Reached skill level 12 in Long Blades
  8840 | Lair:2   | Reached XP level 11. HP: 85/94 MP: 11/11
  8968 | Lair:2   | Found a staircase to the Shoals.
  8974 | Lair:2   | Noticed richnich's ghost (journeyman MiFi)
  9534 | Shoals:1 | Entered Level 1 of the Shoals
  9560 | Shoals:1 | Noticed a merfolk impaler
  9571 | Shoals:1 | Noticed a merfolk impaler
  9573 | Shoals:1 | Slain by a merfolk

Skill      XL: |  1  2  3  4  5  6  7  8  9 10 11 |
---------------+----------------------------------+-----
Shields        | 4 5 6 7 9 10 11 | 11.3
Fighting       | 4 5 7 8 |  8.3
Long Blades    | 3 4 5 6 7 9 10 12 | 12.2
Armour         | 4 5 6 7 8 |  8.2
Dodging        | 1 2 3 4 6 |  6.5
Invocations    | 1 2 |  2.1
Stealth        | 1 |  1.2

Action                   |  1- 3 |  4- 6 |  7- 9 | 10-12 || total
-------------------------+-------+-------+-------+-------++-------
Melee: Long sword        |   141 |   122 |   325 |   199 ||   787
       Headbutt          |    24 |    28 |    48 |    49 ||   149
Invok: Lesser Servant of |       |       |       |    18 ||    18
  Use: Potion            |     2 |     1 |     4 |     7 ||    14
       Scroll            |     5 |     5 |    12 |     4 ||    26
 Stab: Distracted        |       |       |       |     3 ||     3
  Eat: Chunk             |     2 |     3 |     1 |     1 ||     7
       Meat ration       |       |     1 |     2 |     3 ||     6
Armor: Scale mail        |    41 |    45 |   143 |    13 ||   242
       Animal skin       |       |       |       |    60 ||    60
Dodge: Dodged            |    41 |    40 |   147 |   129 ||   357
Block: Shield            |    60 |    59 |   215 |   194 ||   528
       Rpst.: Long sword |    12 |     8 |    28 |    27 ||    75
